 Dungeon Sprint DCSS version 0.30.1-4-g462c640d31 (webtiles) character file.

Game seed: 5813424872277334118

135 Groucho the Covered (level 4, -3/42 HPs)
             Began as a Minotaur Fighter on Aug 10, 2023.
             Slain by a human (6 damage)
             ... in the Dungeon (Sprint III: "The Ten Rune Challenge").
             The game lasted 00:02:34 (628 turns).

Groucho the Covered (Minotaur Fighter)               Turns: 628, Time: 00:02:34

Health: -3/42      AC:  9    Str: 22    XL:     4   Next: 96%
Magic:  6/6        EV: 10    Int:  5    God:
Gold:   38         SH:  5    Dex: 10    Spells: 3/3 levels left

rFire   . . .        a - +0 war axe
rCold   . . .        c - +0 buckler
rNeg    . . .        b - +0 scale mail
rPois   .            (helmet restricted)
rElec   .            i - +0 cloak
rCorr   .            (no gloves)
SInv    .            (no boots)
Will    .....        (no amulet) Stlth
                     (no ring)
HPRegen 0.27/turn    (no ring)
MPRegen 0.10/turn

%: no teleportation
@: mighty
A: horns 2, retaliatory headbutt
a: no special abilities


You were in the Dungeon.
You visited 1 branch You collected 38 gold pieces.

Inventory:

Hand Weapons
 a - a +0 war axe (weapon)
Armour
 b - a +0 scale mail (worn)
 c - a +0 buckler (worn)
 i - a +0 cloak (worn)
Scrolls
 j - a scroll of blinking
 k - a scroll of torment {unknown}
 l - 2 scrolls of identify {unknown}
 n - a scroll of poison {unknown}
Potions
 f - a potion of cancellation {unknown}
 g - a potion of haste
 h - 2 potions of magic
 o - a potion of flight {unknown}
 p - 5 potions of mutation


   Skills:
 + Level 5.1 Fighting
 * Level 5.7 Axes
 * Level 6.4 Armour
 + Level 3.0 Dodging
 + Level 5.2 Shields
 + Level 3.1 Unarmed Combat
 * Level 4.1 Invocations


You had 3 spell levels left.
You didn't know any spells.
Your spell library was empty.

Dungeon Overview and Level Annotations

Branches:
Dungeon (1/1)

Altars:
Okawaru
Trog
Uskayaw
Wu Jian


Innate Abilities, Weirdness & Mutations

You have a pair of horns on your head.
You reflexively headbutt those who attack you in melee.


Message History

Unknown command.
Unknown command.
The human attacks as you move away! The human hits you.
The human closely misses you.
You feel very mighty all of a sudden. The human hits you but does no damage.
You are too injured to fight recklessly!
You are too injured to fight recklessly!
Unknown command.
Unknown command.
You miss the human.
The human is moderately wounded.
The human hits you. The human hits you but does no damage.
Unknown command.
Unknown command.
You closely miss the human. Your headbutt misses the human.
The human is moderately wounded.
The human hits you. The human closely misses you.
Unknown command.
Unknown command.
You slash the human! Your headbutt misses the human.
The human is moderately wounded.
The human hits you!
* * * LOW HITPOINT WARNING * * *
The human hits you but does no damage.
Unknown command.
Unknown command.
You feel better. The human hits you.
* * * LOW HITPOINT WARNING * * *
You slash the human!
The human is heavily wounded.
The human barely misses you. You furiously retaliate!
You headbutt the human! The human hits you!
* * * LOW HITPOINT WARNING * * *
Unknown command.
Unknown command.
You slash the human! Your headbutt misses the human.
The human is almost dead.
The human hits you.
You die...

▓▓▓ ▓▓▓ ..#### ##.#
##### .....#####..#
#___# ...†..#..#..#
#p_)#
.##...#..#..###+#p###+##
.###).##'#..#...@......#
#.##..###...'.⌠........#
.##..####...#...######+#
.##..###....#.⌠.#
##...##.....#...#
#....#).....#+###
#..##.#.....#
#..#####....# ▓▓▓▓
▓▓▓▓▓▓


You could see 2 humans.

Vanquished Creatures
  A water elemental (D)
  Crazy Yiuf (D)
  Jessica (D)
  A human (D)
  An endoplasm (D)
  2 rats (D)
7 creatures vanquished.

Notes
Turn   | Place    | Note
-------+----------+-------------------------------------------
     0 | D        | Groucho the Minotaur Fighter began the quest for the Orb.
     0 | D        | Reached XP level 1. HP: 19/19 MP: 0/0
    43 | D        | Noticed Jessica
    54 | D        | Killed Jessica
    55 | D        | Reached skill level 4 in Armour
    55 | D        | Reached skill level 1 in Dodging
    55 | D        | Reached skill level 1 in Unarmed Combat
    55 | D        | Reached XP level 2. HP: 27/27 MP: 0/2
    55 | D        | Reached XP level 3. HP: 33/33 MP: 0/3
    68 | D        | Noticed Crazy Yiuf
    73 | D        | Killed Crazy Yiuf
    74 | D        | Reached skill level 5 in Armour
    80 | D        | Reached XP level 4. HP: 26/41 MP: 1/5
   380 | D        | Noticed a water elemental
   384 | D        | Killed a water elemental
   385 | D        | Reached skill level 5 in Fighting
   385 | D        | Reached skill level 5 in Axes
   385 | D        | Reached skill level 6 in Armour
   385 | D        | Reached skill level 5 in Shields
   615 | D        | Found a hide-covered altar of Uskayaw.
   615 | D        | Found an iron altar of Okawaru.
   616 | D        | Found a bloodstained altar of Trog.
   616 | D        | Found an ornate altar of the Wu Jian Council.
   616 | D        | Noticed a human
   616 | D        | Noticed a human
   627 | D        | HP: 2/42 [human (9)]
   628 | D        | Slain by a human

Illustrated notes

Levels and vault maps discovered:
D:        dungeon_sprint_mu [sprint_mu_entry_cave, sprint_mu_temple_rooms,
          sprint_mu_d1_horrors, sprint_mu_d2_genie, sprint_mu_d3_branching,
          sprint_mu_orc_legion, sprint_mu_elf_gauntlet, sprint_mu_hive_nellie,
          sprint_mu_lair_fedhas, sprint_mu_vaults_butterflies,
          sprint_mu_slime_circle, sprint_mu_swamp_cave, sprint_mu_shoals_archi,
          sprint_mu_blade_basic, sprint_mu_crypt_fortress,
          sprint_mu_tomb_spiral, sprint_mu_vestibule_basic,
          sprint_mu_gehenna_hellfire, sprint_mu_dis_giant,
          sprint_mu_tartarus_statrot, sprint_mu_cocytus_islands, sprint_mu_zot1]

Skill      XL: |  1  2  3  4 |
---------------+-------------+-----
Fighting       | 4 5 |  5.1
Axes           | 3 4 5 |  5.7
Armour         | 4 5 6 |  6.4
Dodging        | 1 2 3 |  3.0
Shields        | 4 5 |  5.2
Unarmed Combat | 1 2 3 |  3.1
Invocations    | 2 3 4 |  4.1

Action                     |  1- 3 |  4- 6 || total
---------------------------+-------+-------++-------
  Melee: War axe           |    16 |    12 ||    28
         Headbutt          |     4 |       ||     4
    Use: Potion            |     3 |     3 ||     6
 Armour: Scale mail        |     2 |     5 ||     7
  Dodge: Dodged            |     4 |     6 ||    10
  Block: Buckler           |     2 |     2 ||     4
